[Event "Titled Tuesday Blitz October 19 2021"]
[White "Khusenkhojaev, Muhammad"]
[Black "Shtembuliak, Evgeny"]
[WhiteFideId "14700247"]
[BlackFideId "14113325"]
[WhiteElo "2190"]
[BlackElo "2504"]
[Result "1-0"]
[Round "10"]
[TimeControl "180+1"]
[Date "2021.10.19"]
[WhiteClock "0:00:13"]
[BlackClock "0:00:21"]

1. d4 d5 2. c4 e6 3. Nc3 Nf6 4. Bg5 Be7 5. e3 h6 6. Bh4 O-O 7. Nf3 b6 8. Rc1 Bb7 9. Be2 dxc4 10. Bxc4 Nbd7 11. O-O c5 12. Qe2 a6 13. dxc5 b5 14. Bd3 Nxc5 15. Bb1 b4 16. Bxf6 Bxf6 17. Nb5 Qb6 18. Nbd4 Rfd8 19. Qc2 Ne4 20. Qc7 Qxc7 21. Rxc7 Bd5 22. Rfc1 a5 23. h3 h5 24. Nc6 Bxc6 25. R7xc6 Nd6 26. Nd4 Bxd4 27. exd4 g6 28. R6c5 a4 29. d5 e5 30. Re1 f6 31. Bd3 g5 32. Rc7 Rac8 33. Rec1 Kf8 34. R1c6 Rxc7 35. Rxc7 a3 36. bxa3 bxa3 37. Ra7 e4 38. Be2 h4 39. Rxa3 Rc8 40. Ra6 Ke7 41. Ra7+ Kd8 42. Bg4 Rc1+ 43. Kh2 f5 44. Bh5 f4 45. Bg4 Ra1 46. Rd7+ Ke8 47. Rxd6 Rxa2 48. Re6+ Kf7 49. Rxe4 Rxf2 50. d6 Rd2 51. d7 f3 52. Bxf3 Rxd7 53. Re5 Kf6 54. Ra5 Rd6 55. Rd5 Rb6 56. Rc5 Rb4 57. Rc6+ Kf7 58. Bh5+ Ke7 59. Rg6 Rb5 60. Bf3 Rc5 61. Kg1 Kf7 62. Bh5 Ke7 63. Kf2 Rf5+ 64. Bf3 Kf7 65. Rb6 Ra5 66. Ke3 Ra4 67. Rb3 Kf6 68. Rd3 Ra6 69. Rd4 Rb6 70. Rc4 Ra6 71. Rc6+ 1-0


[Site "https://www.chess.com"]

[Event "Titled Tuesday Blitz October 19 2021"]
[White "Kovalev, Vladislav"]
[Black "Bluebaum, Matthias"]
[WhiteFideId "13504398"]
[BlackFideId "24651516"]
[WhiteElo "2573"]
[BlackElo "2681"]
[Result "1-0"]
[Round "10"]
[TimeControl "180+1"]
[Date "2021.10.19"]
[WhiteClock "0:00:08"]
[BlackClock "0:00:18"]

1. e4 e6 2. d4 d5 3. Nd2 c5 4. Ngf3 cxd4 5. Nxd4 Nf6 6. exd5 Nxd5 7. Ne4 Be7 8. Bc4 O-O 9. O-O Nf6 10. Nxf6+ Bxf6 11. Be3 Bd7 12. Be2 Nc6 13. Bf3 Nxd4 14. Bxd4 Bxd4 15. Qxd4 Qc7 16. Rfd1 Rfd8 17. Qd6 Rac8 18. c3 b6 19. Qe7 Be8 20. Qxc7 Rxd1+ 21. Rxd1 Rxc7 22. Kf1 Kf8 23. Ke2 Ke7 24. Ke3 Bc6 25. Bxc6 Rxc6 26. Rd4 Rc5 27. Kd3 g5 28. b4 Rf5 29. f3 h5 30. h3 h4 31. a4 Re5 32. Re4 Rd5+ 33. Rd4 Re5 34. Kd2 Rf5 35. Ke3 Re5+ 36. Kf2 Rf5 37. Ke3 a6 38. Kd3 Re5 39. Re4 Rf5 40. Rd4 b5 41. axb5 axb5 42. c4 bxc4+ 43. Kxc4 Re5 44. Re4 Rd5 45. Re2 Kd6 46. b5 Rc5+ 47. Kb4 Rc1 48. Re3 Rc2 49. Rd3+ Ke5 50. b6 Rc6 51. Kb5 Rc1 52. Rb3 Rc8 53. b7 Rb8 54. Kc6 f5 55. Rb4 Rg8 56. Kc7 Rg7+ 57. Kc6 Rg8 58. Kc5 Rb8 59. Kb6 Rf8 60. Kc6 Rb8 61. Rc4 Rh8 62. Kb6 Rh7 63. b8=Q+ Kf6 64. Qf8+ Rf7 65. Qd8+ Ke5 66. Qxg5 Rd7 67. f4+ Kd5 68. Rc5+ Ke4 69. Re5+ Kd4 70. Rxe6 Rd6+ 71. Rxd6+ Ke3 72. Qf6 Kf2 73. Qxf5 Kg1 74. Qg4 Kh2 75. Qf3 Kh1 76. g4+ Kh2 77. Rd2+ Kg1 78. Qg2# 1-0


[Site "https://www.chess.com"]

[Event "Titled Tuesday Blitz October 19 2021"]
[White "Le, Tuan Minh"]
[Black "Yilmaz, Mustafa"]
[WhiteFideId "12401153"]
[BlackFideId "6302718"]
[WhiteElo "2450"]
[BlackElo "2518"]
[Result "0-1"]
[Round "10"]
[TimeControl "180+1"]
[Date "2021.10.19"]
[WhiteClock "0:00:03"]
[BlackClock "0:00:21"]

1. d4 Nf6 2. Nf3 d5 3. Bf4 c5 4. c3 e6 5. e3 Bd6 6. Nbd2 Bxf4 7. exf4 Qb6 8. Qb3 Qxb3 9. axb3 cxd4 10. Nxd4 Bd7 11. N2f3 Nc6 12. Bd3 Ke7 13. Ke2 Rhc8 14. h3 g6 15. Rhe1 Ne8 16. Kd2 Nxd4 17. Nxd4 Kd6 18. b4 Nc7 19. Ra3 a6 20. Raa1 f6 21. Nf3 Re8 22. Bc2 e5 23. fxe5+ fxe5 24. Re3 Re7 25. Rae1 Rae8 26. Bb3 Bf5 27. Bc2 Bd7 28. h4 Na8 29. Nh2 Nb6 30. Bb3 Bf5 31. g4 Bd7 32. f3 Ba4 33. Ba2 Bb5 34. g5 Bd7 35. b3 Bf5 36. Bb1 Bxb1 37. Rxb1 d4 38. Rd3 Nd5 39. Ng4 Nxc3 40. Re1 Nd5 41. Kd1 Nxb4 42. Rd2 Rc8 43. f4 Rec7 44. Rxe5 d3 45. Ke1 Rc1+ 46. Kf2 R8c2 47. Rxc2 dxc2 48. Ne3 Rf1+ 49. Nxf1 c1=Q 50. Ne3 Nd3+ 0-1


[Site "https://www.chess.com"]

[Event "Titled Tuesday Blitz October 19 2021"]
[White "Maksimovic, Bojan"]
[Black "Piesik, Piotr"]
[WhiteFideId "14408120"]
[BlackFideId "1136194"]
[WhiteElo "2439"]
[BlackElo "2336"]
[Result "1-0"]
[Round "10"]
[TimeControl "180+1"]
[Date "2021.10.19"]
[WhiteClock "0:00:04"]
[BlackClock "0:00:15"]

1. d4 c5 2. d5 e5 3. Nc3 d6 4. e4 Be7 5. Nf3 a6 6. a4 Bg4 7. Be2 Bxf3 8. Bxf3 Bg5 9. a5 Nd7 10. O-O Bxc1 11. Qxc1 Ne7 12. Qd2 O-O 13. Na4 f5 14. b4 Rc8 15. c3 cxb4 16. cxb4 fxe4 17. Bxe4 Nf6 18. f3 Rc4 19. Nb6 Nxe4 20. fxe4 Rxe4 21. Rxf8+ Qxf8 22. Rf1 Rf4 23. Rxf4 Qxf4 24. Qxf4 exf4 25. Kf2 Kf7 26. Kf3 g5 27. h4 h6 28. hxg5 hxg5 29. Ke4 Kf6 30. Nc4 Nf5 31. Kf3 Nd4+ 32. Ke4 Nb5 33. Nb6 Nc3+ 34. Kd4 Nd1 35. Nc4 Ke7 36. Ke4 Nc3+ 37. Kf5 Nxd5 38. Kxg5 Nxb4 39. Kxf4 d5 40. Nd2 Ke6 41. g4 Nd3+ 42. Kg5 Ne5 43. Kf4 Nd3+ 44. Ke3 Nc5 45. Kd4 Kd6 46. Ke3 Ne6 47. Nf3 Kc5 48. g5 Kb4 49. g6 Kxa5 50. Nd4 Ng7 51. Kf4 Kb4 52. Kg5 Kc4 53. Kf6 Nh5+ 54. Kg5 Ng7 55. Kf6 Ne8+ 56. Kf7 Nd6+ 57. Ke7 Nc8+ 58. Ke6 Kxd4 59. g7 Nb6 60. g8=Q Nc4 61. Qg1+ Ne3 62. Qa1+ Ke4 63. Qb1+ Kf4 64. Qxb7 d4 65. Qxa6 Ke4 66. Qb7+ Kf4 67. Qb1 Kf3 68. Ke5 Nc4+ 69. Kxd4 Nd2 70. Qd3+ 1-0


[Site "https://www.chess.com"]

[Event "Titled Tuesday Blitz October 19 2021"]
[White "Matsenko, Andrei"]
[Black "Demchenko, Anton"]
[WhiteFideId "24146501"]
[BlackFideId "4160258"]
[WhiteElo "2179"]
[BlackElo "2583"]
[Result "0-1"]
[Round "10"]
[TimeControl "180+1"]
[Date "2021.10.19"]
[WhiteClock "0:01:50"]
[BlackClock "0:00:50"]

1. Nf3 Nf6 2. b3 g6 3. Bb2 Bg7 4. g3 d6 5. Bg2 e5 6. d3 O-O 7. c4 Re8 8. O-O c6 9. Nc3 a5 10. Rc1 Na6 11. Qc2 d5 12. cxd5 cxd5 13. a3 Bd7 14. Qb1 Rc8 15. Rc2 d4 16. Ne4 Nxe4 17. dxe4 Qb6 18. Ba1 Rxc2 19. Qxc2 Rc8 20. Qb1 Be6 21. Nd2 Qb5 22. Rc1 Rxc1+ 23. Qxc1 Bf6 24. Qc2 Nc5 25. f4 Nxb3 26. Nxb3 Qxb3 27. Qxb3 Bxb3 28. fxe5 Bxe5 29. e3 Bd6 30. exd4 Bxa3 31. e5 b5 32. d5 Bc5+ 33. Kf1 Bc4+ 34. Ke1 Kf8 35. d6 Ke8 36. Bc6+ Kd8 37. Kd2 b4 38. Bb2 Bb3 39. Kd3 a4 40. Ba1 a3 41. Bb5 Be6 42. Bc4 b3 43. Kc3 b2 44. Bxb2 axb2 0-1


[Site "https://www.chess.com"]

[Event "Titled Tuesday Blitz October 19 2021"]
[White "Nagy, Gabor"]
[Black "atbenina64"]
[WhiteFideId "737119"]
[WhiteElo "2534"]
[BlackElo "2583"]
[Result "1/2-1/2"]
[Round "10"]
[TimeControl "180+1"]
[Date "2021.10.19"]
[WhiteClock "0:00:08"]
[BlackClock "0:00:09"]

1. c4 Nf6 2. Nc3 g6 3. e4 d6 4. d4 Bg7 5. Bd3 O-O 6. Nge2 e5 7. d5 a5 8. O-O Na6 9. f3 Nd7 10. Be3 f5 11. a3 f4 12. Bf2 g5 13. b4 h5 14. Nb5 g4 15. c5 Qf6 16. c6 bxc6 17. dxc6 Ndb8 18. Rc1 Kh8 19. Nec3 axb4 20. Nd5 Qg5 21. Kh1 g3 22. Bg1 h4 23. Rc2 h3 24. axb4 hxg2+ 25. Rxg2 Bh3 26. Qd2 Nxc6 27. Rxg3 Qh6 28. Rxh3 Qxh3 29. Nbxc7 Nxc7 30. Nxc7 Ra3 31. b5 Nb4 32. Be2 Ra2 33. Qd1 Bf6 34. Qxd6 Rf7 35. Rf2 Rxe2 36. Rxe2 Qxf3+ 37. Rg2 Rg7 38. Qd2 Nd3 39. Ne8 Rg6 40. Nxf6 Ne1 41. Qd8+ Kg7 42. Qg8+ Kxf6 43. Qxg6+ Ke7 44. Qg5+ Kd6 45. b6 Qxe4 46. b7 Qxb7 47. Qg6+ Kd5 48. Rd2+ Kc4+ 49. Rg2 Qd5 50. Bf2 Nxg2 51. Qxg2 Qd1+ 52. Bg1 f3 53. Qf2 e4 54. h4 Qd5 55. Kh2 Qe5+ 56. Qg3 Qb2+ 57. Bf2 Kd3 58. Kh3 Ke2 59. h5 Qc1 60. Bg1 Qf1+ 61. Kh4 f2 62. Qxf2+ Qxf2+ 63. Bxf2 Kxf2 64. h6 e3 65. h7 e2 66. h8=Q e1=Q 67. Qd4+ Ke2+ 68. Kg4 Qd1 69. Qxd1+ Kxd1 1/2-1/2


[Site "https://www.chess.com"]

[Event "Titled Tuesday Blitz October 19 2021"]
[White "Nguyen, Ngoc Truong Son"]
[Black "Dang, Hoang Son"]
[WhiteFideId "12401110"]
[BlackFideId "12402435"]
[WhiteElo "2596"]
[BlackElo "2248"]
[Result "1-0"]
[Round "10"]
[TimeControl "180+1"]
[Date "2021.10.19"]
[WhiteClock "0:00:54"]
[BlackClock "0:00:53"]

1. d4 Nf6 2. Nf3 g6 3. Nc3 Bg7 4. e4 O-O 5. e5 Ne8 6. h4 d6 7. Bf4 dxe5 8. Nxe5 Nd7 9. h5 Nxe5 10. dxe5 Qxd1+ 11. Rxd1 c6 12. h6 Bh8 13. Bc4 Nc7 14. Bg3 Bf5 15. Bb3 Rad8 16. Ke2 Ne6 17. Bxe6 Bxe6 18. Ke3 f6 19. f4 fxe5 20. fxe5 Rde8 21. Rhf1 Rxf1 22. Rxf1 Bf5 23. Ne4 Rd8 24. Bf4 Rd5 25. c4 Ra5 26. Rd1 Bxe5 27. Rd8+ Kf7 28. Ng5+ Kf6 29. Rf8# 1-0


[Site "https://www.chess.com"]

[Event "Titled Tuesday Blitz October 19 2021"]
[White "Nozdrachev, Leonid"]
[Black "Samadov, Read"]
[WhiteFideId "24113433"]
[BlackFideId "13417444"]
[WhiteElo "2124"]
[BlackElo "2084"]
[Result "1-0"]
[Round "10"]
[TimeControl "180+1"]
[Date "2021.10.19"]
[WhiteClock "0:00:13"]
[BlackClock "0:00:06"]

1. e4 c5 2. c3 d5 3. exd5 Qxd5 4. d4 Nc6 5. Nf3 Bf5 6. Na3 cxd4 7. cxd4 e6 8. Nb5 O-O-O 9. Nc3 Bb4 10. Bd2 Bxc3 11. bxc3 Nf6 12. Be2 e5 13. O-O Rhe8 14. c4 Qd6 15. d5 Nd4 16. Nxd4 exd4 17. Bf3 Kb8 18. Rb1 Bxb1 19. Qxb1 Ka8 20. Rc1 Rc8 21. Bb4 Qd7 22. d6 Re5 23. Qd3 Rce8 24. Qxd4 Ne4 25. Re1 f5 26. c5 g5 27. h3 R5e6 28. Rc1 g4 29. hxg4 Ng5 30. Bd5 Re4 31. Bxe4 fxe4 32. Qd5 Qxg4 33. c6 Nf3+ 34. Kf1 Nh2+ 35. Ke1 Qxg2 36. cxb7+ Kb8 37. Rc8+ Rxc8 38. bxc8=Q+ Kxc8 39. d7+ Kd8 40. Be7+ 1-0


[Site "https://www.chess.com"]

[Event "Titled Tuesday Blitz October 19 2021"]
[White "Obolenskikh, Dmitry"]
[Black "Svidler, Peter"]
[WhiteFideId "4156013"]
[BlackFideId "4102142"]
[WhiteElo "2541"]
[BlackElo "2709"]
[Result "0-1"]
[Round "10"]
[TimeControl "180+1"]
[Date "2021.10.19"]
[WhiteClock "0:00:16"]
[BlackClock "0:01:22"]

1. Nf3 g6 2. e4 Nf6 3. e5 Nh5 4. d4 d6 5. Bc4 Nc6 6. O-O Bg7 7. exd6 cxd6 8. c3 O-O 9. Re1 d5 10. Bd3 Qc7 11. Na3 a6 12. h3 Nf4 13. Bxf4 Qxf4 14. Nc2 Qd6 15. Qe2 Bd7 16. a3 Rfe8 17. Nb4 a5 18. Nxc6 bxc6 19. b4 f6 20. Rad1 e5 21. dxe5 fxe5 22. c4 axb4 23. axb4 Qxb4 24. cxd5 cxd5 25. Bc4 Qxc4 26. Qxc4 dxc4 27. Rxd7 e4 28. Ng5 c3 29. Rc7 Rec8 30. Rxc8+ Rxc8 0-1


[Site "https://www.chess.com"]

[Event "Titled Tuesday Blitz October 19 2021"]
[White "Ozen, Bahadir"]
[Black "Kamsky, Gata"]
[WhiteFideId "6337058"]
[BlackFideId "2000024"]
[WhiteElo "2503"]
[BlackElo "2603"]
[Result "1/2-1/2"]
[Round "10"]
[TimeControl "180+1"]
[Date "2021.10.19"]
[WhiteClock "0:01:02"]
[BlackClock "0:00:59"]

1. d4 Nf6 2. Nf3 e6 3. c4 b6 4. g3 a5 5. Bg2 Ba6 6. b3 c6 7. O-O d5 8. Nbd2 Nbd7 9. Bb2 Be7 10. Re1 O-O 11. e4 a4 12. Qc2 Qb8 13. Bc3 Rc8 14. Rab1 axb3 15. axb3 Bb7 16. e5 Ne8 17. b4 Nc7 18. c5 Ba6 19. Bf1 Bxf1 20. Kxf1 Qb7 21. Ra1 Nb5 22. Bb2 Rcb8 23. Reb1 Bd8 24. Kg2 Rxa1 25. Rxa1 bxc5 26. bxc5 Ra8 27. h4 Rxa1 28. Bxa1 Qa6 29. Bb2 Qa2 30. Qb3 Qxb3 31. Nxb3 h5 32. Nfd2 f6 33. f4 Kf7 34. Kf3 Nb8 35. Nc1 Na6 36. Nd3 f5 37. Nb3 Ke8 38. Ke3 Kd7 39. Kd2 Kc8 40. Kc2 Kb7 41. Bc1 g6 42. Kb2 Nb8 43. Bd2 Ka6 44. Nb4+ Kb7 45. Nd3 Ka6 46. Nb4+ Kb7 47. Nd3 1/2-1/2


[Site "https://www.chess.com"]

[Event "Titled Tuesday Blitz October 19 2021"]
[White "Padmini, Rout"]
[Black "Cunha, Lucas Aguiar"]
[WhiteFideId "5029295"]
[BlackFideId "2125404"]
[WhiteElo "2196"]
[BlackElo "2361"]
[Result "1-0"]
[Round "10"]
[TimeControl "180+1"]
[Date "2021.10.19"]
[WhiteClock "0:01:35"]
[BlackClock "0:00:52"]

1. c4 e6 2. Nf3 d5 3. cxd5 exd5 4. d4 Bg4 5. Nc3 c6 6. e3 Nd7 7. Be2 Bd6 8. O-O Qc7 9. h3 Bh5 10. Nh4 Bg6 11. f4 Be4 12. Nxe4 dxe4 13. Nf5 Bf8 14. Qc2 g6 15. Qxe4+ Kd8 16. Ng3 f5 17. Qf3 Ngf6 18. Bd2 Qb6 19. Bc3 Nd5 20. e4 fxe4 21. Nxe4 Bg7 22. Rad1 Rf8 23. Qg3 Qc7 24. Ng5 Qd6 25. Bg4 Rf6 26. Rde1 Nf8 27. Ne4 Qc7 28. Nxf6 Bxf6 29. Be6 Nxe6 30. Rxe6 Qf7 31. f5 gxf5 32. Qd6+ Kc8 33. Rxf5 Qc7 34. Re8+ Bd8 35. Rxd8+ Qxd8 36. Rf8 1-0


[Site "https://www.chess.com"]

[Event "Titled Tuesday Blitz October 19 2021"]
[White "Papasimakopoulos, Alexandros"]
[Black "Erdogdu, Mert"]
[WhiteFideId "4244125"]
[BlackFideId "6301495"]
[WhiteElo "2352"]
[BlackElo "2485"]
[Result "1-0"]
[Round "10"]
[TimeControl "180+1"]
[Date "2021.10.19"]
[WhiteClock "0:00:08"]
[BlackClock "0:00:05"]

1. d4 d5 2. c4 e6 3. Nc3 c5 4. cxd5 exd5 5. Nf3 Nc6 6. Bg5 Be7 7. Bxe7 Ngxe7 8. e3 c4 9. e4 dxe4 10. Nxe4 Be6 11. Rc1 Qa5+ 12. Nc3 O-O 13. Be2 Rad8 14. O-O b5 15. a3 Qb6 16. Re1 Nxd4 17. Nxd4 Rxd4 18. Qc2 Rfd8 19. Rcd1 Nf5 20. Bf1 h6 21. Rxd4 Nxd4 22. Qc1 Nb3 23. Qf4 Rd2 24. Re2 Rxe2 25. Bxe2 a5 26. Qe4 b4 27. axb4 axb4 28. Nd5 Qd4 29. Qxd4 Nxd4 30. Bxc4 Kf8 31. Kf1 Nc6 32. Ne3 Ke7 33. Ke2 Kd6 34. Bxe6 Kxe6 35. Kd3 Ne5+ 36. Kd4 f5 37. f4 Nf7 38. Kc4 g5 39. g3 gxf4 40. gxf4 Nh8 41. Kxb4 Ng6 42. Ng2 Kd5 43. Kc3 h5 44. b4 h4 45. h3 Ke4 46. b5 Kd5 47. Kb4 Kd6 48. Kc4 Ne7 49. Nxh4 Ke6 50. b6 Kd6 51. Kb5 Kd7 52. Kc5 Kc8 53. Kd6 Ng8 54. Nxf5 Nf6 55. Ne3 Ne4+ 56. Ke5 Ng3 57. h4 Kb7 58. f5 Kxb6 59. f6 Kc7 60. Nf5 Nh5 61. Ke6 Kd8 62. f7 Nf4+ 63. Kf6 Nd5+ 64. Ke5 Ne7 65. f8=Q+ Kc7 66. Qxe7+ Kb6 67. Qd6+ Kb5 68. h5 1-0


[Site "https://www.chess.com"]

[Event "Titled Tuesday Blitz October 19 2021"]
[White "Praggnanandhaa R"]
[Black "Aradhya, Garg"]
[WhiteFideId "25059530"]
[BlackFideId "25006746"]
[WhiteElo "2599"]
[BlackElo "2146"]
[Result "1-0"]
[Round "10"]
[TimeControl "180+1"]
[Date "2021.10.19"]
[WhiteClock "0:00:06"]
[BlackClock "0:00:07"]

1. e4 e5 2. Nf3 Nc6 3. Bb5 a6 4. Ba4 Nf6 5. O-O b5 6. Bb3 Bc5 7. a4 Bb7 8. c3 d6 9. d4 Bb6 10. h3 h6 11. Re1 O-O 12. Be3 exd4 13. Bc1 Na5 14. Bc2 dxc3 15. Nxc3 b4 16. Nd5 Nxd5 17. exd5 b3 18. Bxb3 Nxb3 19. Qxb3 Rb8 20. Be3 Ba5 21. Red1 Qf6 22. Qc4 Rfc8 23. b4 Bb6 24. Qd3 Re8 25. Bxb6 cxb6 26. a5 b5 27. Rac1 Rbc8 28. Rxc8 Rxc8 29. Qe3 Qb2 30. Kh2 Qc2 31. Rd4 Qc3 32. Qe7 Qc7 33. Qh4 Qd8 34. Qf4 Rc2 35. Nd2 Bc8 36. Ne4 Rc4 37. Rxc4 bxc4 38. Nc3 Qc7 39. Qd4 Bd7 40. Qb6 Qxb6 41. axb6 Bc8 42. Ne4 Bb7 43. Nc3 f5 44. Kg3 Kf7 45. f4 Kf6 46. Kf3 g5 47. g3 Bc8 48. Ke3 Kg6 49. Ne2 h5 50. h4 gxh4 51. gxh4 Bb7 52. Nc3 Kf6 53. Kd4 Ke7 54. Kxc4 Kd7 55. Ne2 Ke7 56. Ng3 Kf6 57. Nf1 Kg6 58. Ne3 Bc8 59. Nc2 Bb7 60. Nd4 Kf6 61. Nb3 Ke7 62. Na5 Bc8 63. b7 Bxb7 64. Nxb7 1-0


[Site "https://www.chess.com"]

[Event "Titled Tuesday Blitz October 19 2021"]
[White "Sanal, Vahap"]
[Black "Zhigalko, Sergei"]
[WhiteFideId "6300545"]
[BlackFideId "13502956"]
[WhiteElo "2492"]
[BlackElo "2662"]
[Result "1-0"]
[Round "10"]
[TimeControl "180+1"]
[Date "2021.10.19"]
[WhiteClock "0:00:52"]
[BlackClock "0:00:02"]

1. Nf3 d5 2. g3 c6 3. Bg2 Bg4 4. O-O Nd7 5. d3 e6 6. Nbd2 Bd6 7. b3 Ne7 8. Bb2 O-O 9. e4 a5 10. a3 Re8 11. d4 c5 12. exd5 exd5 13. Re1 Rc8 14. c4 cxd4 15. Bxd4 Bc5 16. Qb1 Qb6 17. Bxc5 Nxc5 18. b4 Ne6 19. c5 Qc7 20. Ne5 Bf5 21. Qb2 b6 22. cxb6 Qxb6 23. Rac1 Nd4 24. Ndf3 Nxf3+ 25. Nxf3 Be4 26. Nd4 Rxc1 27. Rxc1 Rb8 28. b5 h5 29. h4 Qf6 30. Qd2 Nf5 31. Nxf5 Qxf5 32. Qxa5 Bxg2 33. Kxg2 d4 34. a4 d3 35. Qd2 Qe4+ 36. Kh2 g6 37. Ra1 Ra8 38. a5 Qd4 39. Ra3 Rd8 40. a6 Qc5 41. Rb3 Qc4 42. Rb1 1-0


[Site "https://www.chess.com"]

[Event "Titled Tuesday Blitz October 19 2021"]
[White "Sethuraman, S.P."]
[Black "Jaracz, Pawel"]
[WhiteFideId "5021596"]
[BlackFideId "1102222"]
[WhiteElo "2477"]
[BlackElo "2495"]
[Result "1-0"]
[Round "10"]
[TimeControl "180+1"]
[Date "2021.10.19"]
[WhiteClock "0:00:49"]
[BlackClock "0:00:06"]

1. d4 d5 2. c4 e6 3. Nf3 Nf6 4. g3 dxc4 5. Bg2 c6 6. O-O b5 7. Nc3 Bb7 8. Ne5 a6 9. b3 b4 10. Ne4 Nxe4 11. Bxe4 c3 12. a3 a5 13. Qd3 Bd6 14. Bf4 f5 15. Bf3 O-O 16. Qc4 Re8 17. axb4 Bxb4 18. Qd3 Qb6 19. Nc4 Qb5 20. Qe3 Nd7 21. Nd6 Bxd6 22. Bxd6 e5 23. Qxc3 e4 24. Bg2 Qd5 25. Bc7 Ra6 26. Rxa5 Rxa5 27. Bxa5 Ra8 28. b4 Ba6 29. Rc1 Bb5 30. e3 Nf6 31. Bf1 Bxf1 32. Kxf1 h5 33. Qxc6 Kh7 34. Qxd5 Nxd5 35. Rc5 1-0


[Site "https://www.chess.com"]

[Event "Titled Tuesday Blitz October 19 2021"]
[White "Seul, Georg"]
[Black "Krivonosov, Oleg"]
[WhiteFideId "4601653"]
[BlackFideId "11600349"]
[WhiteElo "2332"]
[BlackElo "2469"]
[Result "1/2-1/2"]
[Round "10"]
[TimeControl "180+1"]
[Date "2021.10.19"]
[WhiteClock "0:00:37"]
[BlackClock "0:00:11"]

1. e4 e5 2. Nc3 Nf6 3. f4 d5 4. fxe5 Nxe4 5. Qf3 Nc6 6. Bb5 Nxc3 7. dxc3 a6 8. Bxc6+ bxc6 9. Bf4 Qh4+ 10. Bg3 Qg4 11. Qf2 Qe4+ 12. Ne2 Be7 13. O-O O-O 14. Nd4 Bd7 15. Rae1 Qg6 16. Nf5 Bxf5 17. Qxf5 Qxf5 18. Rxf5 c5 19. e6 fxe6 20. Rxf8+ Kxf8 21. Rxe6 Ra7 22. Rc6 Ke8 23. Rxc7 Rxc7 24. Bxc7 Kd7 25. Be5 g6 26. Kf1 Ke6 27. Bf4 Kf5 28. Bd2 Ke4 29. Ke2 h5 30. h3 Bd6 31. b3 Be7 32. a4 c4 33. b4 d4 34. cxd4 Kxd4 35. c3+ Kd5 36. Be3 Bf6 37. Kd2 Be5 38. b5 axb5 39. axb5 Bd6 40. Bd4 Ke4 41. Ke2 Bg3 42. b6 Kd5 43. Kf3 Bd6 44. g4 Bb8 45. Be3 Kc6 46. Ke4 hxg4 47. hxg4 Bd6 48. Bd4 Bg3 49. Be5 Bf2 50. Bd4 Bg3 51. Be3 Bd6 52. Kd4 Bc5+ 53. Ke4 Be7 54. Ke5 Bd8 55. Ke6 Bh4 56. Kf7 Be1 57. Bd4 g5 58. Kg6 Bd2 59. Kf5 Bf4 60. Ke4 Bd2 61. Be5 Kxb6 62. Kd5 Kb5 63. Bf6 Be3 64. Ke4 Bd2 65. Kd5 Be3 66. Bd4 Bd2 67. Ke4 Ka4 68. Kf5 Kb3 69. Bf6 Bxc3 70. Bxg5 Bh8 71. Bf4 c3 72. g5 c2 73. g6 Bc3 74. Ke6 Ka2 75. Kf7 Kb1 76. g7 Bxg7 77. Kxg7 c1=Q 78. Bxc1 1/2-1/2


[Site "https://www.chess.com"]

[Event "Titled Tuesday Blitz October 19 2021"]
[White "Shipov, Sergei"]
[Black "Gurvich, Vitaly"]
[WhiteFideId "4113624"]
[BlackFideId "24164852"]
[WhiteElo "2793"]
[BlackElo "2275"]
[Result "1/2-1/2"]
[Round "10"]
[TimeControl "180+1"]
[Date "2021.10.19"]
[WhiteClock "0:01:49"]
[BlackClock "0:01:53"]

1. d4 Nf6 2. c4 g6 3. Nc3 d5 4. Nf3 Bg7 5. cxd5 Nxd5 6. Bg5 Nxc3 7. bxc3 O-O 8. Qd2 c5 9. e3 Nd7 10. Bd3 Nf6 11. O-O b6 12. a4 Bb7 13. Qb2 Bxf3 14. gxf3 Qd5 15. Bxf6 Qxf3 16. Bxg7 Qg4+ 17. Kh1 Qf3+ 18. Kg1 Qg4+ 19. Kh1 Qf3+ 20. Kg1 1/2-1/2


[Site "https://www.chess.com"]

[Event "Titled Tuesday Blitz October 19 2021"]
[White "Timmermans, Mark"]
[Black "Potapova, Margarita"]
[WhiteFideId "1026399"]
[BlackFideId "14126869"]
[WhiteElo "2460"]
[BlackElo "2214"]
[Result "1/2-1/2"]
[Round "10"]
[TimeControl "180+1"]
[Date "2021.10.19"]
[WhiteClock "0:00:18"]
[BlackClock "0:00:06"]

1. Nf3 Nf6 2. c4 e6 3. e3 d5 4. b3 g6 5. Bb2 Bg7 6. cxd5 exd5 7. Be2 O-O 8. O-O c6 9. Nc3 a5 10. Na4 Nbd7 11. Rc1 Qe7 12. d4 Ne4 13. Nd2 Ndf6 14. Nc5 Nxd2 15. Qxd2 Ne4 16. Nxe4 Qxe4 17. Ba3 Re8 18. Bd3 Qe6 19. Rc5 a4 20. Ra5 Rxa5 21. Qxa5 axb3 22. axb3 h5 23. Qc7 h4 24. h3 Bh6 25. Bc2 Qd7 26. Bd6 Qe6 27. Bf4 Bf8 28. Ra1 Qe7 29. Qxe7 Bxe7 30. Ra7 Kf8 31. Bc7 Bd8 32. Bxd8 Rxd8 33. b4 Ke7 34. Kf1 Kd6 35. Ke1 Kc7 36. Kd2 Kb6 37. Ra5 Be6 38. Bd3 g5 39. Kc3 Rg8 40. Ra1 f5 41. f3 Bd7 42. Bc2 g4 43. hxg4 fxg4 44. Rh1 gxf3 45. gxf3 h3 46. f4 Rg3 47. Kd2 Rg2+ 48. Kc3 h2 49. f5 Rf2 50. f6 Be6 51. Bg6 Rxf6 52. Bd3 Rf2 53. e4 Bg4 54. e5 Bf3 55. e6 Rg2 56. e7 Rg8 57. Rxh2 Re8 58. Rh7 Be4 59. Bxe4 dxe4 60. Kd2 Kc7 61. Ke3 Kd6 62. Rh6+ Kd7 63. Kxe4 Rxe7+ 64. Kd3 Rf7 65. Kc4 Kc7 66. b5 Re7 67. bxc6 bxc6 68. Kc5 Kd7 69. Rd6+ Kc7 70. Rxc6+ Kd7 71. Rd6+ Kc7 72. Ra6 Re1 73. Ra7+ Kc8 74. Rh7 Rg1 75. d5 Rg6 76. d6 Rg1 77. Kc6 Rc1+ 78. Kd5 Kd8 79. Ke6 Re1+ 80. Kd5 Rd1+ 81. Ke5 Re1+ 82. Kf5 Rf1+ 83. Ke4 Re1+ 84. Kd4 Rd1+ 85. Ke5 Re1+ 86. Kd5 Rd1+ 87. Ke5 1/2-1/2


[Site "https://www.chess.com"]

[Event "Titled Tuesday Blitz October 19 2021"]
[White "Timofeev, Artyom"]
[Black "Mikhalevski, Victor"]
[WhiteFideId "4140419"]
[BlackFideId "2801914"]
[WhiteElo "2591"]
[BlackElo "2577"]
[Result "0-1"]
[Round "10"]
[TimeControl "180+1"]
[Date "2021.10.19"]
[WhiteClock "0:00:48"]
[BlackClock "0:01:10"]

1. c4 Nf6 2. Nc3 d5 3. e3 g6 4. Nf3 Bg7 5. b3 O-O 6. Bb2 c6 7. Be2 Re8 8. d4 Nbd7 9. O-O Ne4 10. Qc2 Nxc3 11. Bxc3 e6 12. e4 b6 13. Rad1 Bb7 14. Rfe1 Rc8 15. Bf1 Qc7 16. Bb2 dxe4 17. Qxe4 c5 18. Qe3 Bxf3 19. Qxf3 cxd4 20. Bxd4 Bxd4 21. Rxd4 a5 22. Red1 Nc5 23. Qf6 Qe7 24. Qxe7 Rxe7 25. Rd6 Rb7 26. g3 Kf8 27. Bg2 Rbb8 28. Bc6 Ke7 29. Kf1 Rd8 30. Rxd8 Rxd8 31. Rxd8 Kxd8 32. Ke2 Kc7 33. Be8 f6 34. Bf7 Kd6 35. Be8 f5 36. f4 e5 37. fxe5+ Kxe5 38. Ke3 g5 39. Bc6 Ne6 40. Bd5 Nd4 41. Bg8 h6 42. Bd5 Nc2+ 43. Kd2 Nb4 44. Bg8 Nxa2 45. c5 bxc5 46. Kd3 f4 47. gxf4+ gxf4 48. Kc4 f3 49. Kxc5 Nc1 50. Bc4 f2 0-1


[Site "https://www.chess.com"]

[Event "Titled Tuesday Blitz October 19 2021"]
[White "Vallejo Diaz, Javier"]
[Black "Obregon, Andres Carlos"]
[WhiteFideId "2256398"]
[BlackFideId "111724"]
[WhiteElo "2654"]
[BlackElo "2572"]
[Result "1-0"]
[Round "10"]
[TimeControl "180+1"]
[Date "2021.10.19"]
[WhiteClock "0:00:07"]
[BlackClock "0:00:08"]

1. e4 c6 2. d4 d5 3. Nd2 dxe4 4. Nxe4 Bf5 5. Ng3 Bg6 6. h4 h6 7. Nh3 Nf6 8. Nf4 Bh7 9. Bc4 e6 10. Qe2 Bd6 11. Ngh5 O-O 12. g4 Nxh5 13. Nxh5 e5 14. Bd2 exd4 15. O-O-O Nd7 16. g5 Re8 17. Be3 c5 18. gxh6 Ne5 19. Bg5 Qa5 20. Kb1 d3 21. Bxd3 Nxd3 22. Qg4 Ne5 23. Qg2 Qa4 24. hxg7 Bxc2+ 25. Ka1 Re6 26. Nf6+ Rxf6 27. Bxf6 Bb3 28. a3 Nc4 29. Qg4 Bxd1 30. Rxd1 Nxb2 31. Qxa4 Nxa4 32. Rxd6 Re8 33. Rd5 Kh7 34. Rh5+ Kg6 35. Rh8 Re1+ 36. Ka2 Kxf6 37. g8=Q Re2+ 38. Kb3 b5 39. Qg5+ Ke6 40. Re8+ Kd6 41. Rxe2 c4+ 42. Kb4 Nb6 43. Qd8+ Kc6 44. Qe8+ Kb7 45. Kxb5 a6+ 46. Kc5 1-0


[Site "https://www.chess.com"]